 Dungeon Crawl Stone Soup version 0.25.1-2-g60ff931df9 (webtiles) character file.

Game seed: 13555377252474004122

100 lepoulpe303 the Ruffian (level 4, -2/40 HPs)
             Began as a Ghoul Monk on Oct 29, 2020.
             Slain by an adder (5 damage)
             ... on level 3 of the Dungeon.
             The game lasted 00:05:23 (1758 turns).

lepoulpe303 the Ruffian (Ghoul Monk)                Turns: 1758, Time: 00:05:24

Health: -2/40      AC:  2    Str: 21    XL:     4   Next: 73%
Magic:  3/3        EV: 13    Int:  5    God:
Gold:   77         SH:  0    Dex: 11    Spells: 3/3 levels left

rFire    . . .     SeeInvis .     - Unarmed
rCold    + . .     Gourm    .   (no shield)
rNeg     + + +     Faith    .   s - +0 robe
rPois    ∞         Spirit   .   (no helmet)
rElec    .         Reflect  .   (no cloak)
rCorr    .         Harm     .   (no gloves)
MR       .....                  (no boots)
Stlth    ++........             (no amulet)
HPRegen  0.00/turn              l - +6 ring of strength
MPRegen  0.08/turn              (no ring)

@: rotting
A: rotting body, claws 1, carnivore, cold resistance 1, negative energy
resistance 3, inhibited regeneration, torment resistance, unbreathing
a: no special abilities


You were on level 3 of the Dungeon.
You were not hungry.

You visited 1 branch of the dungeon, and saw 3 of its levels.

You collected 77 gold pieces.

Inventory:

Hand Weapons
 a - a +2 hunting sling of freezing
Missiles
 g - 18 poisoned darts
 m - 18 sling bullets
 o - 3 javelins
 Q - 116 stones (quivered)
Armour
 s - a +0 robe (worn)
Jewellery
 l - a +6 ring of strength (left claw)
Scrolls
 c - a scroll of teleportation {unknown}
 d - a scroll of enchant weapon {unknown}
 f - a scroll of fear {unknown}
 i - a scroll of identify
 j - a scroll of noise {unknown}
 n - a scroll of magic mapping {unknown}
 q - a scroll of fog {unknown}
 r - a scroll of blinking {unknown}
Potions
 h - a potion of lignification {unknown}
 k - a potion of curing {unknown}
 p - a potion of stabbing {unknown}
Comestibles
 b - a chunk of flesh
 e - 3 rations


   Skills:
 + Level 3.9 Fighting
 + Level 0.3 Slings
 + Level 1.3 Armour
 + Level 3.2 Dodging
 - Level 2.1 Stealth
 * Level 4.4 Unarmed Combat


You had 3 spell levels left.
You didn't know any spells.
Your spell library was empty.

Dungeon Overview and Level Annotations

Branches:
Dungeon (3/15)

Altars:

Annotations:
D:3 Purgy


Innate Abilities, Weirdness & Mutations

Your body is rotting away.
You thrive on raw meat.
You are immune to poison.
You have sharp fingernails.
You are carnivorous and can eat meat at any time.
Your flesh is cold resistant. (rC+)
You are immune to negative energy. (rN+++)
You do not regenerate when monsters are visible.
You are immune to unholy pain and torment.
You can survive without breathing.


Message History

* * * LOW HITPOINT WARNING * * *
Purgy misses you. Purgy claws you.
* * * LOW HITPOINT WARNING * * *
You take 6 damage, and have 15/40 hp.
You scratch Purgy. Purgy bites you but does no damage. Purgy claws you.
* * * LOW HITPOINT WARNING * * *
Purgy closely misses you.
You take 2 damage, and have 13/40 hp.
You claw Purgy! The adder bites you.
* * * LOW HITPOINT WARNING * * *
Purgy completely misses you. Purgy closely misses you. Purgy claws you.
* * * LOW HITPOINT WARNING * * *
You take 4 damage, and have 9/40 hp.
You barely miss Purgy. The adder completely misses you. The adder misses you.
You closely miss Purgy. Purgy bites you.
* * * LOW HITPOINT WARNING * * *
Purgy misses you. Purgy claws you.
* * * LOW HITPOINT WARNING * * *
The adder bites you.
You die...

#.........###
###........ .
###........ ..
#...###.... ...
######.### ##... ....
...#...##......
#....######.##.......#..
#......<(.......##...###
#.....S@..##>######...
#.###.T)..##..........
!...(.....)........ .
..##.#.......#......
....##(#.###.#.#......
#......#. ...#.##.#...
#......#.....#.. ...#.
#...)..##....########
#......#(.....


You could see Purgy and an adder.

Levels and vault maps discovered:
D:1:      wander_arrival_peaceful_grave, layout_basic
D:2:      layout_rooms, roderic_serpentine_path, uniq_jessica
D:3:      layout_basic, kennysheep_slug_shrine, uniq_crazy_yiuf_cottage,
          uniq_purgy

Notes
Turn   | Place    | Note
-------+----------+-------------------------------------------
     0 | D:1      | lepoulpe303 the Ghoul Monk began the quest for the Orb.
     0 | D:1      | Reached XP level 1. HP: 19/19 MP: 0/0
   159 | D:1      | Identified a +0 dagger
   162 | D:1      | Reached XP level 2. HP: 26/26 MP: 1/1
   526 | D:1      | Reached XP level 3. HP: 31/31 MP: 2/2
   551 | D:1      | Identified a +0 dagger
   789 | D:1      | Identified 2 scrolls of identify
   789 | D:1      | Identified a ring of strength (You found it on level 1 of
                  | the Dungeon)
   821 | D:2      | Identified a +0 robe
   821 | D:2      | Noticed Jessica
   821 | D:2      | Identified a +0 dagger
   826 | D:2      | Identified a ring of attention (You found it on level 1 of
                  | the Dungeon)
   828 | D:2      | Identified a +0 short sword
   863 | D:2      | Identified a +2 hunting sling of freezing (You found it on
                  | level 2 of the Dungeon)
   963 | D:2      | Reached skill level 3 in Dodging
   989 | D:2      | Reached skill level 4 in Unarmed Combat
   992 | D:2      | Reached skill level 1 in Armour
   993 | D:2      | Identified a +2 dagger of venom
  1008 | D:2      | Killed Jessica
  1008 | D:2      | Reached XP level 4. HP: 21/40 MP: 3/3
  1441 | D:2      | Identified a +0 club
  1559 | D:2      | Identified a +0 club
  1641 | D:2      | Identified a +0 club
  1669 | D:3      | Identified a +0 halberd
  1669 | D:3      | Identified a +0 club
  1669 | D:3      | Identified a +0 spear
  1670 | D:3      | Identified a +0 club
  1670 | D:3      | Noticed Purgy
  1692 | D:3      | Identified a +0 dagger
  1699 | D:3      | Identified a +0 short sword
  1726 | D:3      | Identified a +0 dagger
  1726 | D:3      | Identified a +0 short sword
  1756 | D:3      | HP: 9/40 [Purgy (2)]
  1758 | D:3      | HP: 3/40 [Purgy (4)]
  1758 | D:3      | Slain by an adder

Table legend:
 A = Turns spent in this place as a percentage of turns spent in the entire game.
 B = Non-inter-level travel turns spent in this place as a percentage of non-inter-level travel turns spent in the entire game.
 C = Inter-level travel turns spent in this place as a percentage of turns spent in this place.
 D = Turns resting spent in this place as a percentage of non-inter-level travel turns spent in this place.
 E = Turns spent auto-exploring this place as a percentage of non-inter-level travel turns spent in this place.
 F = Non-inter-level travel turns spent in this place divided by the number of levels of this place that you've seen.
                   A       B       C       D       E      F
               +-------+-------+-------+-------+-------+----------------------
         Total | 100.0 | 100.0 |   4.4 |  19.9 |  57.6 | 560.3
       Dungeon | 100.0 | 100.0 |   4.4 |  19.9 |  57.6 | 560.3
               +-------+-------+-------+-------+-------+----------------------

Table legend:
 A = Kills in this place as a percentage of kills in entire the game.
 B = Kills by you in this place as a percentage of kills by you in the entire game.
 C = Kills by friends in this place as a percentage of kills by friends in the entire game.
 D = Other kills in this place as a percentage of other kills in the entire game.
 E = Experience gained in this place as a percentage of experience gained in the entire game.
 F = Experience gained in this place divided by the number of levels of this place that you have seen.
                   A       B       C       D       E      F
               +-------+-------+-------+-------+-------+----------------------
         Total | 100.0 | 100.0 |   N/A |   N/A | 100.0 |  47.7
       Dungeon | 100.0 | 100.0 |   N/A |   N/A | 100.0 |  47.7
               +-------+-------+-------+-------+-------+----------------------

Skill      XL: |  1  2  3 |
---------------+----------+-----
Dodging        | 3 |  3.2
Unarmed Combat | 4 |  4.4
Armour         | 1 |  1.3
Fighting       | |  3.9
Slings         | |  0.3
Stealth        | |  2.1

Action                   |  1- 3 |  4- 6 || total
-------------------------+-------+-------++-------
Melee: Unarmed           |    80 |    37 ||   117
       Punch             |     2 |     2 ||     4
 Fire: Hunting sling     |     9 |    29 ||    38
Throw: Stone             |       |     1 ||     1
  Use: Scroll            |     2 |       ||     2
 Stab: Sleeping          |     3 |       ||     3
  Eat: Chunk             |     2 |     1 ||     3
Armor: Robe              |    14 |     6 ||    20
Dodge: Dodged            |    49 |    39 ||    88

Vanquished Creatures
  Jessica (D:2)
  An adder (D:2)
  2 oozes
  A dart slug (D:1)
  An orc (D:3)
  2 giant cockroaches (D:1)
  6 goblins
  5 hobgoblins
  7 jackals
  A quokka (D:2)
  A ball python (D:2)
  4 bats
  3 frilled lizards
  10 kobolds
  5 rats
50 creatures vanquished.
